 Dungeon Crawl Stone Soup version 0.27.1-33-g824d729ab1 (webtiles) character file.

Game seed: 16400043138418110013

14 Descartes the Ducker (level 2, 0/14 HPs)
             Began as a Spriggan Wanderer on Dec 3, 2021.
             Slain by a kobold (5 damage)
             ... on level 1 of the Dungeon.
             The game lasted 00:01:06 (833 turns).

Descartes the Ducker (Spriggan Wanderer)             Turns: 833, Time: 00:01:07

Health: 0/14       AC:  2    Str:  6    XL:     2   Next: 27%
Magic:  3/3        EV: 18    Int: 15    God:
Gold:   11         SH:  0    Dex: 14    Spells: 1/1 levels left

rFire    . . .     SeeInvis +   a - +2 dagger
rCold    . . .     Faith    .   (shield restricted)
rNeg     . . .     Spirit   .   e - +0 robe
rPois    .         Reflect  .   (helmet restricted)
rElec    .         Harm     .   (no cloak)
rCorr    .         Rampage  .   (gloves unavailable)
Will     .....                  (boots unavailable)
Stlth    ++........             (no amulet)
HPRegen  0.04/turn              (no ring)
MPRegen  0.08/turn              (no ring)

@: very quick
A: very small, no large weapons, unfitting armour, see invisible, speed 3
a: no special abilities


You were on level 1 of the Dungeon.
You visited 1 branch of the dungeon, and saw 1 of its levels.

You collected 11 gold pieces.

Inventory:

Hand Weapons
 a - a +2 dagger (weapon)
 c - a +0 short sword
Missiles
 b - 3 curare-tipped darts (quivered)
 f - 21 poisoned darts
 h - 26 stones
Armour
 e - a +0 robe (worn)
Scrolls
 g - a scroll of identify {unknown}
Potions
 d - a potion of curing


   Skills:
 - Level 1.0 Fighting
 + Level 3.6 Short Blades
 - Level 1.0 Crossbows
 - Level 1.0 Throwing
 + Level 3.6 Dodging
 + Level 1.7 Stealth
 - Level 1.3 Evocations


You had one spell level left.
You didn't know any spells.
Your spell library was empty.

Dungeon Overview and Level Annotations

Branches:
Dungeon (1/15)

Altars:


Innate Abilities, Weirdness & Mutations

You are very small and have problems with some larger weapons.
You are too small for most types of armour.
You have supernaturally acute eyesight. (SInv)
You cover ground extremely quickly. (Speed+++)


Message History

You are too injured to fight recklessly!
You are too injured to fight recklessly!
You are too injured to fight recklessly!
You are too injured to fight recklessly!
You are too injured to fight recklessly!
You are too injured to fight recklessly!
You are too injured to fight recklessly!
You are too injured to fight recklessly!
You are too injured to fight recklessly!
You are too injured to fight recklessly!
You are too injured to fight recklessly!
You are too injured to fight recklessly!
You are too injured to fight recklessly!
You are too injured to fight recklessly!
You are too injured to fight recklessly!
You are too injured to fight recklessly!
You closely miss the jackal.
The jackal is almost dead.
The jackal misses you.
You hit the jackal but do no damage.
The jackal is almost dead.
The jackal bites you but does no damage.
You hit the jackal but do no damage.
The jackal is almost dead.
The jackal bites you.
You closely miss the jackal.
The jackal is almost dead.
The jackal bites you. The jackal barely misses you.
You closely miss the jackal.
The jackal is almost dead.
The jackal misses you.
You hit the jackal but do no damage.
The jackal is almost dead.
The jackal misses you.
You hit the jackal.
You kill the jackal!
You hit the kobold but do no damage. You hit the kobold but do no damage.
The kobold misses you.
You closely miss the kobold. The kobold hits you with a +0 whip.
You die...

K. #bb..♣ ...... .# #.#.. .8....
. l ..... ...... #.###.#.#.#
.8.... . ......#h#.# ...... .
......hS#.## ÷.....
#............# .8....
########.#########..# ......
....##..........@K..#### ######
.......#.#...######.....#########
.......#.#.......................
.......#.#...##########..########
.........+....# ##.........
.#...#.#.#....# #..##.....
.#...#.#.#....#### #...#.....
.#...#...'.......# #.........
.#...###.#...###.# #.........


You could see a kobold.

Vanquished Creatures
  An endoplasm (D:1)
  2 goblins (D:1)
  A hobgoblin (D:1)
  3 jackals (D:1)
  A quokka (D:1)
  A ball python (D:1)
  2 bats (D:1)
  A rat (D:1)
12 creatures vanquished.

Notes
Turn   | Place    | Note
-------+----------+-------------------------------------------
     0 | D:1      | Descartes the Spriggan Wanderer began the quest for the
                  | Orb.
     0 | D:1      | Descartes set off with the following items: a +2 dagger, 3
                  | curare-tipped darts, a +0 short sword, a potion of curing,
                  | a +0 robe
     0 | D:1      | Reached XP level 1. HP: 10/10 MP: 2/2
   262 | D:1      | Reached skill level 1 in Stealth
   459 | D:1      | Reached XP level 2. HP: 4/14 MP: 3/3
   833 | D:1      | Slain by a kobold

Illustrated notes

Levels and vault maps discovered:
D:1:      giann_forest_graveyard, layout_basic, chequers_ecumenical_altar_simple

Skill      XL: |  1 |
---------------+----+-----
Stealth        | 1 |  1.7
Fighting       | |  1.0
Short Blades   | |  3.6
Crossbows      | |  1.0
Throwing       | |  1.0
Dodging        | |  3.6
Evocations     | |  1.3

Action                   || total
-------------------------++-------
Melee: Dagger            ||    59
 Stab: Sleeping          ||     2
Armor: Robe              ||     3
Dodge: Dodged            ||    41
